IL
SYRACUSE CHIEFS @ EL PASO CHIHUAHUAS
09/20/2047
 
TOP OF THE 1ST
Syracuse Chiefs batting - Pitching for El Paso Chihuahuas : RHP Jorge Guerrero
Pitching: RHP Jorge Guerrero
Batting: SHB Alex Ethridge 0-0: Fly out, F8 (Flyball, 8LD, EV 99.4 MPH)
Batting: RHB Dusty Ballard 0-0: Ball
1-0: SINGLE (Flyball, 6MD, EV 88.8 MPH)
Batting: LHB Jae-ik Soung 0-0: Grounds into double play, 6-4-3 (Groundball, 6, EV 85.6 MPH)
Top of the 1st over - 0 runs, 1 hit, 0 errors, 0 left on base; Syracuse 0 - El Paso 0
BOTTOM OF THE 1ST
El Paso Chihuahuas batting - Pitching for Syracuse Chiefs : LHP Jake Richards
Pitching: LHP Jake Richards
Batting: LHB Angel Mejia 0-0: Called Strike
0-1: Ball
1-1: Ground out 4-3 (Groundball, 34D, EV 99.4 MPH)
Batting: RHB Andy Sheridan 0-0: Ground out 4-3 (Groundball, 4S, EV 91.2 MPH)
Batting: RHB Danny Bunn 0-0: Ball
1-0: Called Strike
1-1: Swinging Strike
1-2: Ball
2-2: Ball
3-2: SOLO HOME RUN (Flyball, 7LD, EV 96.2 MPH), Distance : 364 ft
Batting: RHB Mike Maserang 0-0: Ball
1-0: Ball
2-0: Called Strike
2-1: Ground out 6-3 (Groundball, 6, EV 88.1 MPH)
Bottom of the 1st over - 1 run, 1 hit, 0 errors, 0 left on base; Syracuse 0 - El Paso 1
TOP OF THE 2ND
Syracuse Chiefs batting - Pitching for El Paso Chihuahuas : RHP Jorge Guerrero
Batting: LHB Dana McDonald 0-0: Called Strike
0-1: Ball
1-1: Ball
2-1: Ball
3-1: SINGLE (Groundball, 6S, EV 100.0 MPH)
Batting: RHB Jim Miske 0-0: Ball
Dana McDonald steals 2nd base
1-0: Ground out 5-3 (Groundball, 5S, EV 90.6 MPH)
Batting: LHB Doug Anderson 0-0: Ball
Dana McDonald is caught stealing 3rd base 2-5
1-0: SINGLE (Groundball, 13S, EV 67.5 MPH) (infield hit)
Batting: LHB Tom Reynolds 0-0: SINGLE (Flyball, 56D, EV 95.6 MPH)
Doug Anderson to second
Batting: RHB Ryan Hiemer 0-0: Ball
1-0: Ball
2-0: SINGLE (Groundball, 6MD, EV 95.6 MPH)
Doug Anderson to third
Tom Reynolds to second
Runner from 3rd tries for Home, SAFE, throw by CF to home
Batting: RHB John McNeill 0-0: Ball
1-0: Ball
2-0: Swinging Strike
2-1: Foul Ball, location: 2F
2-2: Ball
3-2: Ground out 5-3 (Groundball, 56, EV 85.0 MPH)
Top of the 2nd over - 1 run, 4 hits, 0 errors, 2 left on base; Syracuse 1 - El Paso 1
BOTTOM OF THE 2ND
El Paso Chihuahuas batting - Pitching for Syracuse Chiefs : LHP Jake Richards
Batting: RHB Matt Fabre 0-0: Called Strike
0-1: Called Strike
0-2: Strikes out swinging
Batting: SHB Adam Martin 0-0: Ball
1-0: Called Strike
1-1: Ball
2-1: Fly out, F8 (Flyball, 8LS, EV 92.5 MPH)
Batting: RHB Kiril Emeshin 0-0: Called Strike
0-1: Swinging Strike
0-2: Ball
1-2: Ground out 5-3 (Groundball, 5S, EV 86.9 MPH)
Bottom of the 2nd over - 0 runs, 0 hits, 0 errors, 0 left on base; Syracuse 1 - El Paso 1
TOP OF THE 3RD
Syracuse Chiefs batting - Pitching for El Paso Chihuahuas : RHP Jorge Guerrero
Batting: SHB Alex Ethridge 0-0: Fly out, F9 (Line Drive, 9, EV 103.8 MPH)
Batting: RHB Dusty Ballard 0-0: Ball
1-0: Ground out 6-3 (Groundball, 56D, EV 99.4 MPH)
Batting: LHB Jae-ik Soung 0-0: Called Strike
0-1: Ball
1-1: Ball
2-1: Ball
3-1: Base on Balls
Batting: LHB Dana McDonald 0-0: Ball
1-0: Ball
2-0: Ball
3-0: Base on Balls
Jae-ik Soung to second
Batting: RHB Jim Miske 0-0: Ball
1-0: Ball
2-0: Foul Ball, location: 2F
2-1: Ball
3-1: Swinging Strike
3-2: Foul Ball, location: 2F
3-2: Fly out, F7 (Flyball, 78M, EV 82.5 MPH)
Top of the 3rd over - 0 runs, 0 hits, 0 errors, 2 left on base; Syracuse 1 - El Paso 1
BOTTOM OF THE 3RD
El Paso Chihuahuas batting - Pitching for Syracuse Chiefs : LHP Jake Richards
Batting: RHB Rene Montoya 0-0: Ground out 5-3 (Groundball, 56, EV 99.4 MPH)
Batting: RHB David Aguilar 0-0: Swinging Strike
0-1: Swinging Strike
0-2: Ball
1-2: DOUBLE (Line Drive, 9LM, EV 109.4 MPH)
Batting: LHB Angel Mejia 0-0: Called Strike
0-1: Ball
1-1: Ball
2-1: Called Strike
2-2: Strikes out looking
Batting: RHB Andy Sheridan 0-0: Ball
1-0: Called Strike
1-1: Ball
2-1: Foul Ball, location: 2F
2-2: Strikes out swinging
Bottom of the 3rd over - 0 runs, 1 hit, 0 errors, 1 left on base; Syracuse 1 - El Paso 1
TOP OF THE 4TH
Syracuse Chiefs batting - Pitching for El Paso Chihuahuas : RHP Jorge Guerrero
Batting: LHB Doug Anderson 0-0: Ball
1-0: Called Strike
1-1: Ground out 4-3 (Groundball, 4, EV 100.6 MPH)
Batting: LHB Tom Reynolds 0-0: Ball
1-0: Called Strike
1-1: Ball
2-1: Fly out, F7 (Flyball, 7, EV 82.5 MPH)
Batting: RHB Ryan Hiemer 0-0: Ball
1-0: Ball
2-0: Foul Ball, location: 2F
2-1: Ball
3-1: Base on Balls
Batting: RHB John McNeill 0-0: Ball
1-0: Fielders Choice at 2nd, 6-4 (Groundball, 6, EV 101.2 MPH)
Top of the 4th over - 0 runs, 0 hits, 0 errors, 1 left on base; Syracuse 1 - El Paso 1
BOTTOM OF THE 4TH
El Paso Chihuahuas batting - Pitching for Syracuse Chiefs : LHP Jake Richards
Batting: RHB Danny Bunn 0-0: Ground out U3 (Groundball, 34, EV 85.0 MPH)
Batting: RHB Mike Maserang 0-0: Fly out, F8 (Flyball, 8LD, EV 98.8 MPH)
Batting: RHB Matt Fabre 0-0: Ball
1-0: Ball
2-0: Ball
3-0: Base on Balls
Batting: SHB Adam Martin 0-0: Ball
Matt Fabre is caught stealing 2nd base 2-4
Bottom of the 4th over - 0 runs, 0 hits, 0 errors, 0 left on base; Syracuse 1 - El Paso 1
TOP OF THE 5TH
Syracuse Chiefs batting - Pitching for El Paso Chihuahuas : RHP Jorge Guerrero
Batting: SHB Alex Ethridge 0-0: Called Strike
0-1: Fly out, F8 (Flyball, 89D, EV 81.9 MPH)
Batting: RHB Dusty Ballard 0-0: Called Strike
0-1: Foul Ball, location: 2F
0-2: Ball
1-2: Ball
2-2: Ball
3-2: Foul Ball, location: 2F
3-2: Strikes out looking
Batting: LHB Jae-ik Soung 0-0: TRIPLE (Line Drive, 78XD, EV 108.8 MPH)
Batting: LHB Dana McDonald 0-0: Ball
1-0: Ball
2-0: Foul Ball, location: 2F
2-1: Swinging Strike
2-2: Foul Ball, location: 2F
2-2: Strikes out swinging
Top of the 5th over - 0 runs, 1 hit, 0 errors, 1 left on base; Syracuse 1 - El Paso 1
BOTTOM OF THE 5TH
El Paso Chihuahuas batting - Pitching for Syracuse Chiefs : LHP Jake Richards
Batting: SHB Adam Martin 0-0: Foul Ball, location: 2F
0-1: Swinging Strike
0-2: Strikes out swinging
Batting: RHB Kiril Emeshin 0-0: Ball
1-0: Foul Ball, location: 2F
1-1: Ball
2-1: Swinging Strike
2-2: Ball
3-2: Foul Ball, location: 2F
3-2: Foul Ball, location: 2F
3-2: Strikes out swinging
Batting: RHB Rene Montoya 0-0: Called Strike
0-1: Ball
1-1: Foul Ball, location: 2F
1-2: Strikes out swinging
Bottom of the 5th over - 0 runs, 0 hits, 0 errors, 0 left on base; Syracuse 1 - El Paso 1
TOP OF THE 6TH
Syracuse Chiefs batting - Pitching for El Paso Chihuahuas : RHP Jorge Guerrero
Batting: RHB Jim Miske 0-0: Ball
1-0: Ground out 4-3 (Groundball, 4S, EV 81.9 MPH)
Batting: LHB Doug Anderson 0-0: Ball
1-0: Foul Ball, location: 2F
1-1: Called Strike
1-2: Strikes out looking
Batting: LHB Tom Reynolds 0-0: Ball
1-0: Called Strike
1-1: SINGLE (Groundball, 6D, EV 98.1 MPH)
Batting: RHB Ryan Hiemer 0-0: Ball
1-0: Called Strike
1-1: SINGLE (Line Drive, 4MD, EV 93.8 MPH)
Tom Reynolds to second
Batting: RHB John McNeill 0-0: SINGLE (Groundball, 15S, EV 68.8 MPH) (infield hit)
Tom Reynolds to third
Ryan Hiemer to second
Batting: SHB Alex Ethridge 0-0: Called Strike
0-1: Foul Ball, location: 2F
0-2: SINGLE (Groundball, 4MD, EV 104.4 MPH) (infield hit)
Tom Reynolds scores
Ryan Hiemer to third
John McNeill to second
Batting: RHB Dusty Ballard 0-0: Foul Ball, location: 2F
0-1: Ball
1-1: Foul Ball, location: 2F
1-2: Ball
2-2: Foul Ball, location: 2F
2-2: Strikes out swinging
Top of the 6th over - 1 run, 4 hits, 0 errors, 3 left on base; Syracuse 2 - El Paso 1
BOTTOM OF THE 6TH
El Paso Chihuahuas batting - Pitching for Syracuse Chiefs : LHP Jake Richards
Batting: RHB David Aguilar 0-0: Called Strike
0-1: Ball
1-1: Ground out 6-3 (Groundball, 6, EV 108.1 MPH)
Batting: LHB Angel Mejia 0-0: Reached on error, E6 (Groundball, 6, EV 93.1 MPH)
Batting: RHB Andy Sheridan 0-0: Called Strike
0-1: Ball
Angel Mejia steals 2nd base
1-1: Ball
Angel Mejia steals 3rd base
2-1: Foul Ball, location: 2F
2-2: SINGLE (Groundball, 56D, EV 96.2 MPH)
Angel Mejia scores
Batting: RHB Danny Bunn 0-0: Fielders Choice at 2nd, 6-4 (Groundball, 6, EV 92.5 MPH)
Batting: RHB Mike Maserang 0-0: Ball
1-0: Ball
Danny Bunn is caught stealing 2nd base 2-4
Bottom of the 6th over - 1 run, 1 hit, 1 error, 0 left on base; Syracuse 2 - El Paso 2
TOP OF THE 7TH
Syracuse Chiefs batting - Pitching for El Paso Chihuahuas : RHP Jorge Guerrero
Batting: LHB Jae-ik Soung 0-0: Ball
1-0: Ball
2-0: Called Strike
2-1: Called Strike
2-2: Fly out, F7 (Flyball, 7LM, EV 80.0 MPH)
Batting: LHB Dana McDonald 0-0: Ball
1-0: Called Strike
1-1: Ball
2-1: Called Strike
2-2: Ball
3-2: Base on Balls
Pitching: RHP Johnny Marquez
Batting: RHB Jim Miske 0-0: Ball
1-0: Ball
2-0: Called Strike
2-1: Called Strike
2-2: Ball
3-2: Fly out, F8 (Line Drive, 8LS, EV 105.0 MPH)
Batting: LHB Doug Anderson 0-0: Ball
1-0: Hit by Pitch
Dana McDonald to second
Batting: LHB Tom Reynolds 0-0: Ball
1-0: Ball
2-0: Ball
3-0: Base on Balls
Dana McDonald to third
Doug Anderson to second
Batting: RHB Ryan Hiemer 0-0: Called Strike
0-1: Swinging Strike
0-2: Ball
1-2: Foul Ball, location: 2F
1-2: Foul Ball, location: 2F
1-2: Ground out 1-3 (Groundball, 34S, EV 72.5 MPH)
Top of the 7th over - 0 runs, 0 hits, 0 errors, 3 left on base; Syracuse 2 - El Paso 2
BOTTOM OF THE 7TH
El Paso Chihuahuas batting - Pitching for Syracuse Chiefs : LHP Jake Richards
Batting: RHB Mike Maserang 0-0: Called Strike
0-1: Ball
1-1: SINGLE (Groundball, 34D, EV 98.8 MPH)
Batting: RHB Matt Fabre 0-0: Ball
1-0: Foul Ball, location: 2F
1-1: Foul Ball, location: 2F
1-2: Grounds into double play, 6-4-3 (Groundball, 6, EV 83.8 MPH)
Batting: SHB Adam Martin 0-0: Ball
1-0: Ground out 1-3 (Groundball, 34S, EV 59.4 MPH)
Bottom of the 7th over - 0 runs, 1 hit, 0 errors, 0 left on base; Syracuse 2 - El Paso 2
TOP OF THE 8TH
Syracuse Chiefs batting - Pitching for El Paso Chihuahuas : RHP Johnny Marquez
Pinch Hitting: LHB Pat Aviles 0-0: Called Strike
0-1: Foul Ball, location: 2F
0-2: Ball
1-2: Strikes out looking
Batting: SHB Alex Ethridge 0-0: Called Strike
0-1: Ground out 5-3 (Groundball, 56S, EV 81.2 MPH)
Batting: RHB Dusty Ballard 0-0: Swinging Strike
0-1: Ball
1-1: Called Strike
1-2: Fly out, F8 (Flyball, 8RXD, EV 103.1 MPH)
Top of the 8th over - 0 runs, 0 hits, 0 errors, 0 left on base; Syracuse 2 - El Paso 2
BOTTOM OF THE 8TH
El Paso Chihuahuas batting - Pitching for Syracuse Chiefs : LHP Jake Richards
Pitching: RHP Ruben Nevarel
Now in CF: Alex Ethridge
Now in RF: Pat Aviles
Batting: RHB Kiril Emeshin 0-0: Ball
1-0: Ball
2-0: Fly out, F9 (Flyball, 89D, EV 97.5 MPH)
Batting: RHB Rene Montoya 0-0: Ball
1-0: Ball
2-0: DOUBLE (Line Drive, 78D, EV 105.6 MPH)
Pinch Hitting: LHB Sammy Roddenberry 0-0: Ball
1-0: Ground out 5-3 (Groundball, 6S, EV 90.6 MPH)
Rene Montoya to third
Batting: LHB Angel Mejia 0-0: Ball
1-0: Fly out, F9 (Flyball, 89M, EV 91.9 MPH)
Bottom of the 8th over - 0 runs, 1 hit, 0 errors, 1 left on base; Syracuse 2 - El Paso 2
TOP OF THE 9TH
Syracuse Chiefs batting - Pitching for El Paso Chihuahuas : RHP Johnny Marquez
Pitching: RHP Ching Ge
Now in LF: Adam Martin
Now in CF: Sammy Roddenberry
Batting: LHB Jae-ik Soung 0-0: Called Strike
0-1: Ground out 4-3 (Groundball, 4, EV 91.2 MPH)
Batting: LHB Dana McDonald 0-0: Called Strike
0-1: Called Strike
0-2: Ground out 6-3 (Groundball, 6, EV 99.4 MPH)
Batting: RHB Jim Miske 0-0: Ball
1-0: Ball
2-0: Called Strike
2-1: Ball
3-1: Base on Balls
Batting: LHB Doug Anderson 0-0: Ball
Jim Miske steals 2nd, throwing error, E2
Jim Miske to third
1-0: Ball
Passed Ball!
Jim Miske scores
2-0: Ball
3-0: Called Strike
3-1: Ground out U3 (Groundball, 3, EV 85.6 MPH)
Top of the 9th over - 1 run, 0 hits, 1 error, 0 left on base; Syracuse 3 - El Paso 2
BOTTOM OF THE 9TH
El Paso Chihuahuas batting - Pitching for Syracuse Chiefs : RHP Ruben Nevarel
Batting: RHB Andy Sheridan 0-0: Ground out 1-3 (Groundball, P, EV 71.9 MPH)
Batting: RHB Danny Bunn 0-0: Fly out, F8 (Flyball, 8RD, EV 93.1 MPH)
Batting: RHB Mike Maserang 0-0: Ball
1-0: Ball
2-0: Ball
3-0: Called Strike
3-1: Foul Ball, location: 2F
3-2: Foul Ball, location: 2F
3-2: SINGLE (Line Drive, 5D, EV 108.1 MPH)
Pinch Runner at 1st Wally Cangro:
Batting: RHB Matt Fabre 0-0: Called Strike
0-1: Foul Ball, location: 2F
0-2: Fly out, F9 (Flyball, 89S, EV 87.5 MPH)
Bottom of the 9th over - 0 runs, 1 hit, 0 errors, 1 left on base; Syracuse 3 - El Paso 2
Thursday, December 15th , 2022 - OOTP Baseball 23.9 Build 102